 Dungeon Crawl Stone Soup version 0.31.0-11-ge490571c62 (webtiles) character file.

Game seed: 15086084243072994838

700 MollyMolluskus the Ruffian (level 7, -5/49 HPs)
             Began as an Octopode Fighter on Jan 27, 2024.
             Slain by an iguana (10 damage)
             ... on level 5 of the Dungeon.
             The game lasted 00:15:06 (3566 turns).

MollyMolluskus the Ruffian (Octopode Fighter)       Turns: 3566, Time: 00:15:06

Health: -5/49      AC:  1    Str: 17    XL:     7   Next: 65%
Magic:  7/7        EV: 14    Int: 10    God:
Gold:   168        SH:  6    Dex: 12    Spells: 6/6 levels left

rFire   . .          .
                       - Unarmed
rCold   . . .        a - +1 buckler
rNeg    . . .        (helmet restricted)
rPois   .            (no amulet)
rElec   .            l - ring of see invisible
rCorr   .            (no ring)
SInv    +            (no ring)
Will    .....        (no ring)
Stlth   +++          (no ring)
HPRegen 0.28/turn    (no ring)
MPRegen 0.10/turn    (no ring)
                     (no ring)

%: no passive effects
@: no status effects
A: almost no armour, amphibious, 8 rings, camouflage 1, gelatinous body 1,
(nimble swimmer 1), tentacles
a: no special abilities


You were on level 5 of the Dungeon.
You visited 1 branch of the dungeon, and saw 5 of its levels.

You collected 228 gold pieces.
You spent 60 gold pieces at shops.

Inventory:

Hand Weapons
 g - a +4 dagger
Missiles
 f - 47 stones (quivered)
 i - 13 poisoned darts
Armour
 a - a +1 buckler (worn)
Jewellery
 l - a ring of see invisible (left tentacle)
Wands
 j - a wand of light (4)
Scrolls
 k - a scroll of teleportation
 n - a scroll of blinking {unknown}
Potions
 b - 2 potions of might
 c - a potion of magic {unknown}
 d - 3 potions of curing
 e - 2 potions of lignification
 h - 3 potions of attraction


   Skills:
 + Level 4.5 Fighting
 + Level 4.5 Dodging
 - Level 4.0 Stealth
 - Level 4.0 Shields
 * Level 5.4 Unarmed Combat


You had 6 spell levels left.
You didn't know any spells.
Your spell library contained the following spells:

 Spells                   Type           Power      Damage    Failure   Level
 Freeze                   Ice            0%         1d3       43%         1
 Lesser Beckoning         Tloc           0%         N/A       58%         2
 Sublimation of Blood     Necr           0%         N/A       58%         2
 Frozen Ramparts          Ice            0%         1d1       82%         3
 Gell's Gravitas          Tloc           0%         N/A       82%         3
 Hailstorm                Conj/Ice       0%         3d5       82%         3
 Teleport Other           Tloc           0%         N/A       82%         3
 Animate Dead             Necr           0%         N/A       99%         4
 Petrify                  Alch/Erth      0%         N/A       99%         4
 Borgnjor's Vile Clutch   Necr/Erth      0%         N/A       100%        5
 Irradiate                Conj/Alch      0%         3d11      100%        5
 Death Channel            Necr           0%         N/A       100%        6


Dungeon Overview and Level Annotations

Branches:
Dungeon (5/15)             Temple (0/1) D:5

Altars:
Makhleb
Sif Muna

Shops:
D:2 !


Innate Abilities, Weirdness & Mutations

You cannot wear most types of armour.
You are amphibious.
You can wear up to eight rings at the same time.
Your skin changes colour to match your surroundings (Stealth+).
Your rubbery body absorbs attacks. (AC +1, EV +1)
((You are camouflaged when in or above water. (Stealth+)))
You have tentacles for arms and can constrict up to eight enemies at once.


Message History

The hound is almost dead.
The hound bites you.
You closely miss the hound. You grab the hound.
The hound is almost dead.
You constrict the hound.
You kill the hound!
You tentacle-slap the centaur. Your squeeze misses the centaur.
The centaur is moderately wounded.
The centaur unwields a +0 shortbow.
The centaur closely misses you. The centaur kicks you.
You tentacle-slap the centaur.
The centaur is heavily wounded.
The centaur misses you. You block the centaur's attack. The centaur hits you!
* * * LOW HITPOINT WARNING * * *
The centaur closely misses you.
You tentacle-slap the centaur but do no damage.
The centaur is heavily wounded.
The centaur hits you.
* * * LOW HITPOINT WARNING * * *
The centaur barely misses you.
You feel better. The centaur hits you.
* * * LOW HITPOINT WARNING * * *
The centaur closely misses you. The centaur barely misses you.
The centaur closely misses you.
You tentacle-slap the centaur. You squeeze the centaur!
You kill the centaur!
You closely miss the iguana. Your grab misses the iguana.
You squeeze the iguana.
The iguana is lightly wounded.
The iguana closely misses you.
You closely miss the iguana. Your grab misses the iguana.
Your squeeze misses the iguana.
The iguana is lightly wounded.
The iguana bites you!
* * * LOW HITPOINT WARNING * * *
You tentacle-slap the iguana but do no damage.
Your grab misses the iguana.
The iguana is lightly wounded.
The iguana bites you!
You die...

.#!........)....#.
........#.........
##########..#.####
##....#.# #.##..#.##
###########.#....... #
#....................
#.##.###.######...##.###
##.... #@# ##.## .#
......###l##### #.# .#
#..h.......# .#
#.##†##.##.# .#
#......... .#
..........c c.
#.#..⌠...⌠..#
#.#.........# #
.....>.....


You could see an iguana.

Vanquished Creatures
  A centaur (D:5)
  A phantom (D:4)
  A scorpion (D:5)
  2 howler monkeys
  3 iron imps (D:3)
  A bombardier beetle (D:5)
  A hound (D:5)
  Jessica (D:2)
  2 iguanas
  An orc wizard (D:5)
  2 gnolls
  6 adders
  5 dart slugs
  A ribbon worm (D:2)
  5 orcs
  5 bats (D:1)
  9 endoplasms
  4 giant cockroaches
  4 goblins
  2 hobgoblins (D:3)
  7 jackals
  4 quokkas
  5 ball pythons
  A frilled lizard (D:3)
  7 kobolds
  9 rats
90 creatures vanquished.

Notes
Turn   | Place    | Note
-------+----------+-------------------------------------------
     0 | D:1      | MollyMolluskus the Octopode Fighter began the quest for the
                  | Orb.
     0 | D:1      | Reached XP level 1. HP: 16/16 MP: 1/1
    77 | D:1      | Found a faded altar of an unknown god.
   114 | D:1      | Reached XP level 2. HP: 15/21 MP: 2/2
   303 | D:1      | Reached skill level 1 in Stealth
   380 | D:1      | Reached XP level 3. HP: 26/26 MP: 3/3
   759 | D:2      | Found a shimmering blue altar of Sif Muna.
   813 | D:2      | Found a transporter.
   813 | D:2      | Found Liucaom's Distillery.
   819 | D:2      | Found a transporter.
  1061 | D:2      | Reached skill level 3 in Unarmed Combat
  1061 | D:2      | Reached XP level 4. HP: 31/31 MP: 4/4
  1296 | D:2      | Noticed Jessica
  1299 | D:2      | Killed Jessica
  1613 | D:2      | Bought a potion of degeneration for 10 gold pieces
  1613 | D:2      | Bought a potion of heal wounds for 50 gold pieces
  1735 | D:3      | Found a burning altar of Makhleb.
  1748 | D:3      | Reached XP level 5. HP: 31/36 MP: 5/5
  2248 | D:3      | Reached XP level 6. HP: 29/43 MP: 6/6
  2498 | D:4      | Reached skill level 4 in Unarmed Combat
  3297 | D:5      | Entered Level 5 of the Dungeon
  3424 | D:5      | Identified the +0 ring mail "Lieduj" {^Contam +Blink rC+
                  | Regen+ SInv}
  3433 | D:5      | Reached XP level 7. HP: 22/48 MP: 7/7
  3541 | D:5      | Found a staircase to the Ecumenical Temple.
  3557 | D:5      | Reached skill level 5 in Unarmed Combat
  3566 | D:5      | Slain by an iguana

Illustrated notes

Levels and vault maps discovered:
D:1:      amcnicky_arrival_single_pillar, layout_rooms, serial_curves,
          eino_curves_03, eino_curves_01, eino_curves_01,
          shapermc_ecumenical_altar_gd, chequers_serial_rivers_small_b
D:2:      minmay_chambers_of_twos, layout_loops_ring, serial_shops,
          nicolae_shop_drivethru, basic_altar, uniq_jessica
D:3:      layout_basic, demons_altar
D:4:      layout_loops_cross, grunt_ministairs_6
D:5:      layout_loops_ring, minmay_temple_entry_large_hall

Skill      XL: |  1  2  3  4  5  6  7 |
---------------+----------------------+-----
Stealth        | 1 2 3 4 |  4.0
Unarmed Combat | 3 4 5 |  5.4
Fighting       | 4 |  4.5
Dodging        | 4 |  4.5
Shields        | 4 |  4.0

Action                     |  1- 3 |  4- 6 |  7- 9 || total
---------------------------+-------+-------+-------++-------
  Melee: Unarmed           |    84 |   109 |    23 ||   216
         Constrict         |    20 |    27 |     5 ||    52
         Tentacles         |    14 |    25 |     7 ||    46
         Punch             |     1 |     5 |     1 ||     7
  Throw: Stone             |     1 |     4 |       ||     5
    Use: Scroll            |     5 |     4 |       ||     9
         Potion            |       |       |     2 ||     2
   Stab: Sleeping          |     9 |    15 |     1 ||    25
 Armour: Skin              |    28 |    34 |    15 ||    77
  Dodge: Dodged            |    51 |    29 |    15 ||    95
  Block: Buckler           |     9 |    17 |     3 ||    29
